Map: Lightshade LE

Players

Duke

  • Race: Terran Terran
  • League: Diamond
  • Spawn Location: 11:00

A.I. 1 (Very Easy) - Winner!

  • Race: Terran Terran
  • Spawn Location: 5:00

VOD

Have the link to the VOD?

Description

Time

  • Played on: Feb. 19, 2021, 3:39 p.m.
  • Length: 7:45
Show
View Real Time Build Order
Export as new Build Order

Duke Terran 

Build Orders: Cyclone Opening 

Get SALT Encoding   

  12  0:00  SCV  
  13  0:13  SCV  
  14  0:17  Supply Depot  
  14  0:25  SCV  
  15  0:39  SCV  
  15  0:40  Barracks  
  16  0:42  Refinery  
  16  0:51  SCV  
  17  1:03  SCV  
  18  1:15  SCV  
  19  1:26  Marine  
  19  1:27  Orbital Command  
  20  1:39  Command Center  
  20  1:44  Marine  
  21  1:49  Supply Depot  
  21  1:52  SCV  
  22  2:04  SCV  
  22  2:06  Factory  
  23  2:12  Refinery, Marine  
  24  2:16  SCV  
  25  2:26  Refinery  
  25  2:27  Refinery  
  25  2:29  SCV  
  26  2:30  Barracks Tech Lab  
  26  2:41  SCV  
  27  2:53  SCV  
  27  2:54  Orbital Command  
  27  2:57  Barracks Reactor  
  27  2:58  Cyclone  
  31  3:05  SCV  
  32  3:11  Starport  
  32  3:17  SCV  
  33  3:20  SCV  
  33  3:25  Supply Depot  
  34  3:29  SCV  
  34  3:30  Siege Tank  
  39  3:34  SCV, Marine  
  39  3:36  Marine  
  41  3:41  SCV  
  41  3:47  SCV  
  41  3:48  Starport Tech Lab, Supply Depot  
  43  3:52  Marine  
  43  3:53  SCV  
  43  3:54  Marine  
  46  3:59  SCV  
  46  4:02  Siege Tank  
  50  4:05  SCV  
  51  4:10  Raven, Marine  
  51  4:11  Supply Depot, Marine  
  51  4:13  SCV  
  56  4:18  SCV  
  57  4:25  SCV  
  57  4:27  Marine  
  57  4:29  Marine  
  57  4:30  SCV  
  61  4:34  Siege Tank  
  61  4:37  SCV  
  65  4:42  SCV, Command Center  
  66  4:45  Marine  
  66  4:47  Marine  
  66  4:49  SCV  
  69  4:53  Raven  
  69  4:54  SCV  
  69  4:55  Supply Depot  
  69  4:58  Supply Depot  
  72  5:03  Marine  
  72  5:05  Marine  
  72  5:06  Siege Tank  
  77  5:08  SCV  
  78  5:16  SCV  
  78  5:20  SCV  
  78  5:21  Marine  
  80  5:23  Marine  
  80  5:26  Supply Depot  
  82  5:28  SCV  
  82  5:33  SCV  
  84  5:35  Raven  
  84  5:39  Siege Tank, Marine  
  84  5:40  SCV  
  84  5:41  Marine  
  92  5:46  SCV  
  93  5:53  SCV  
  93  5:54  Orbital Command  
  93  5:56  Barracks  
  93  5:57  Barracks, Marine  
  94  5:58  SCV, Marine  
  94  6:01  Barracks  
  97  6:05  SCV  
  97  6:10  SCV  
  99  6:11  Siege Tank  
  99  6:15  Refinery  
  99  6:16  Refinery  
  99  6:17  SCV  
  103  6:21  SCV  
  103  6:22  SCV  
  103  6:24  Viking, Marine  
  108  6:26  Viking  
  108  6:29  SCV  
  111  6:33  SCV, Supply Depot  
  111  6:35  SCV, Supply Depot  
  113  6:41  SCV  
  113  6:42  Marine  
  113  6:45  Barracks Reactor, SCV  
  113  6:46  Barracks Reactor  
  117  6:47  SCV  
  117  6:49  Barracks Reactor  
  117  6:54  Viking, SCV, Siege Tank  
  117  6:55  Viking  
  117  6:56  Supply Depot  
  117  6:57  SCV  
  117  6:59  Supply Depot  
  117  7:00  Marine  
  127  7:05  SCV  
  127  7:06  SCV  
  129  7:12  SCV  
  130  7:17  SCV, Marine  
  130  7:18  SCV  
  130  7:22  Supply Depot, Marine x4  
  137  7:23  Supply Depot  
  137  7:25  Marine x2  
  137  7:29  Engineering Bay  
  147  7:31  SCV, Engineering Bay  
Show
View Real Time Build Order
Export as new Build Order

A.I. 1 (Very Easy) Terran - Winner!

Build Orders:  

Get SALT Encoding   

  12  0:00  SCV  
  13  0:13  SCV  
  14  0:18  Supply Depot  
  14  0:37  Refinery  
  14  0:42  Barracks  
  14  1:03  Supply Depot  
  14  1:11  Refinery  
  14  1:29  Orbital Command, Barracks Tech Lab  
  14  1:47  Marine  
  15  1:54  SCV  
  16  2:06  SCV  
  17  2:18  SCV  
  18  2:30  SCV  
  18  2:32  Marine  
  20  2:42  SCV  
  21  2:54  SCV  
  22  3:18  Marauder  
  24  4:13  SCV  
  24  6:39  SCV  
  25  6:40  Marine  
  25  6:41  Supply Depot  
  25  6:45  Factory  
  25  6:46  Command Center  
  26  6:51  SCV  
  27  7:04  SCV  
  27  7:06  Supply Depot  
  24  7:15  Marine  
  24  7:16  SCV  
  26  7:28  SCV  
  27  7:32  Starport  
Tags
 
League
Diamond
Matchup
TvT
Race
Terran
Spawn Locations
Cross Positions
Add a new tag
Caveats
  • Supply blocks, unpowered buildings, or Contaminate may cause inaccurate times.
  • Supply counts are checked every 10 seconds.